 Dungeon Crawl Stone Soup version 0.22-a0-42-g002c468 (webtiles) character file.

24 KristoblXynda the Charmwright (level 2, -6/14 HPs)
             Began as a Spriggan Skald on Jan 5, 2018.
             Mangled by an ice beast (13 damage)
             ... on level 2 of the Dungeon.
             The game lasted 00:02:03 (858 turns).

KristoblXynda the Charmwright (Spriggan Skald)       Turns: 858, Time: 00:02:03

Health: -6/14      AC:  2    Str:  7    XL:     2   Next: 79%
Magic:  3/6        EV: 19    Int: 14    God:
Gold:   38         SH:  0    Dex: 15    Spells: 5/6 levels left

rFire    . . .     SeeInvis +   a - +0 short sword
rCold    . . .     Gourm    .   (shield restricted)
rNeg     . . .     Faith    .   b - +0 robe
rPois    .         Spirit   .   (helmet restricted)
rElec    .         Reflect  .   (no cloak)
rCorr    .         Harm     .   (gloves unavailable)
MR       .....                  (boots unavailable)
Stlth    +.........             (no amulet)
HPRegen  0.04/turn              g - ring of wizardry
MPRegen  0.10/turn              (no ring)

@: infused, very quick
A: very small, unfitting armour, see invisible, herbivore, speed 3, slow
metabolism 2
a: no special abilities


You were on level 2 of the Dungeon.
You were not hungry.

You visited 1 branch of the dungeon, and saw 2 of its levels.

You collected 38 gold pieces.

Inventory:

Hand Weapons
 a - a +0 short sword (weapon)
Armour
 b - a +0 robe (worn)
Jewellery
 g - a ring of wizardry (left hand)
Scrolls
 f - a scroll of random uselessness {unknown}
 h - a scroll of identify {unknown}
Potions
 e - 2 potions of curing {unknown}
 i - 3 potions of haste {unknown}
Books
 c - a book of Battle

   Spells                             Type                      Level
   a - Infusion                       Charms                       1
   b - Shroud of Golubria             Charms/Translocation         2
   c - Song of Slaying                Charms                       2
   d - Spectral Weapon                Hexes/Charms                 3
   e - Regeneration                   Charms/Necromancy            3
Comestibles
 d - a ration


   Skills:
 - Level 1.5 Fighting
 + Level 2.8 Short Blades
 + Level 4.2 Dodging
 - Level 2.6 Spellcasting
 + Level 5.0 Charms


You had 5 spell levels left.
You knew the following spells:

 Your Spells              Type           Power        Failure   Level  Hunger
a - Infusion              Chrm           ###.         1%          1    #......


Dungeon Overview and Level Annotations

Branches:
Dungeon (2/15)

Altars:


Innate Abilities, Weirdness & Mutations

You are very small and have problems with some larger weapons.
You are too small for most types of armour.
You have supernaturally acute eyesight. (SInv)
You are a herbivore.
You cover ground extremely quickly.
You need consume almost no food.


Message History

The dart slug launches a dart at you. The slug dart hits you!
Casting: Infusion
Confirm with . or Enter, or press ? or * to list all spells.
You begin infusing your attacks with magical energy.
You hit the kobold!
You kill the kobold!
You hit the ice beast.
The ice beast is lightly wounded.
The ice beast completely misses you.
You barely miss the ice beast.
The ice beast is lightly wounded.
The ice beast closely misses you.
You barely miss the ice beast.
The ice beast is lightly wounded.
You hit the ice beast.
The ice beast is lightly wounded.
The ice beast hits you. The ice beast freezes you!
Ouch! That really hurt!
You die...

#.#..###..###
##.#Y## .b#
##....# .#
#.w.### ..
###..## ##..#
##w# #Y# #
#@#.# #...#
#...## #.#.#
.. .# ... ..
.... ...
..### ... #..
#...


You could see an ice beast and a dart slug.

Vanquished Creatures
  3 dart slugs (D:1)
  A bat (D:1)
  2 goblins (D:1)
  2 hobgoblins (D:1)
  4 kobolds
  A ball python (D:1)
  5 rats (D:1)
18 creatures vanquished.

Notes
Turn   | Place    | Note
-------+----------+-------------------------------------------
     0 | D:1      | KristoblXynda the Spriggan Skald began the quest for the Orb.
     0 | D:1      | Reached XP level 1. HP: 10/10 MP: 5/5
   224 | D:1      | Reached XP level 2. HP: 11/14 MP: 2/6
   249 | D:1      | You fall through a shaft!
   250 | D:2      | Noticed an ice beast
   647 | D:1      | Reached skill level 5 in Charms
   858 | D:2      | Mangled by an ice beast

Vault maps used:
D:1:      evilmike_arrival_hilbert_curve, minmay_misc_feat_enclosed,
          minmay_misc_feat_rows
D:2:      zin_purify, overflow_temple_1_default, tso_altar

Skill      XL: |  1  2 |
---------------+-------+-----
Dodging        | 4 |  4.2
Charms         | 5 |  5.0
Fighting       | |  1.5
Short Blades   | |  2.8
Spellcasting   | |  2.6

Action                   || total
-------------------------++-------
Melee: Short sword       ||    50
 Cast: Infusion          ||     5
 Stab: Sleeping          ||     2
Armor: Robe              ||     2
Dodge: Dodged            ||    34

Table legend:
 A = Spawn XP
 B = Non-spawn XP
 C = Spawn XP percentage of total XP
 D = Spawn monster count
 E = Non-spawn monster count
 F = Spawn count percentage of total count
 G = Total turns spent on level
                    A         B        C        D         E        F      G
               +---------+---------+-------+---------+---------+-------+---------
         Total |       0 |      35 |   0.0 |       0 |      18 |   0.0 |   858
               +---------+---------+-------+---------+---------+-------+---------
           D:1 |       0 |      33 |   0.0 |       0 |      17 |   0.0 |   836
           D:2 |       0 |       2 |   0.0 |       0 |       1 |   0.0 |    22
               +---------+---------+-------+---------+---------+-------+---------
